 Dungeon Crawl Stone Soup version 0.22-a0-348-gd16d1391c7 (webtiles) character file.

18 Minion the Gusty (level 2, 0/20 HPs)
             Began as a Draconian Air Elementalist on Apr 12, 2018.
             Slain by an adder (2 damage)
             ... on level 2 of the Dungeon.
             The game lasted 00:01:56 (1064 turns).

Minion the Gusty (Draconian Air Elementalist)       Turns: 1064, Time: 00:01:57

Health: 0/20       AC:  4    Str: 10    XL:     2   Next: 51%
Magic:  0/5        EV: 12    Int: 15    God:
Gold:   36         SH:  0    Dex: 11    Spells: 4/5 levels left

rFire    . . .     SeeInvis .   (no weapon)
rCold    . . .     Gourm    .   (no shield)
rNeg     . . .     Faith    .   (armour unavailable)
rPois    .         Spirit   .   (helmet restricted)
rElec    .         Reflect  .   (no cloak)
rCorr    .         Harm     .   (no gloves)
MR       .....                  (no boots)
Stlth    ++........             (no amulet)
HPRegen  0.06/turn              (no ring)
MPRegen  0.09/turn              (no ring)

@: lethally poisoned (0 -> -8), very slightly contaminated
A: unfitting armour, cold-blooded, AC +4
a: no special abilities


You were on level 2 of the Dungeon.
You were not hungry.

You visited 1 branch of the dungeon, and saw 2 of its levels.

You collected 36 gold pieces.

Inventory:

Scrolls
 e - 2 scrolls of teleportation {unknown}
Potions
 a - a potion of berserk rage {unknown}
 d - a potion of curing {unknown}
 f - a potion of brilliance {unknown}
 g - a potion of invisibility {unknown}
Comestibles
 b - 2 rations
 c - a chunk of flesh


   Skills:
 + Level 2.0 Dodging
 - Level 1.7 Stealth
 + Level 2.3 Spellcasting
 + Level 1.4 Conjurations
 + Level 3.2 Air Magic


You had 4 spell levels left.
You knew the following spells:

 Your Spells              Type           Power        Failure   Level  Hunger
a - Shock                 Conj/Air       #...         9%          1    #......


Dungeon Overview and Level Annotations

Branches:
Dungeon (2/15)

Altars:


Innate Abilities, Weirdness & Mutations

Your plain brown scales are hard. (AC +4)
You cannot fit into any form of body armour.
You are cold-blooded and may be slowed by cold attacks.


Message History

Aim: an adder (heavily wounded)
The zap misses the adder.
You feel sick. The adder bites you. x2
You feel sick. The adder closely misses you. The adder bites you.
* * * LOW HITPOINT WARNING * * *
You are lethally poisoned!
The adder poisons you!
* * * LOW HITPOINT WARNING * * *
You feel sick.
Casting: Shock (safe; 9% risk of failure)
Confirm with . or Enter, or press ? or * to list all spells.
Aiming: Shock (safe; 9% risk of failure)
Press: ? - help, Shift-Dir - straight line, f/p - adder
Aim: an adder (heavily wounded)
The zap hits the adder.
The adder is severely wounded.
* * * LOW HITPOINT WARNING * * *
You feel sick. The adder bites you but does no damage. The adder bites you.
You die...

#.....#..## #
#######.#..# .#. ..
#....# .(###. ##...#
#!#.. ###..###
.###.!. #......#
....... #......#
.......####......###
..............S@...#
..........#......#..#
##.####.###.......#.#
#..# #.......#.# #...
####....... ##..
.....?.. #.. ........
#... ..........


You could see an adder.

Vanquished Creatures
  2 goblins (D:1)
  3 hobgoblins (D:1)
  A ball python (D:1)
  6 bats
  2 frilled lizards (D:1)
  2 kobolds (D:1)
  3 rats (D:1)
19 creatures vanquished.

Notes
Turn   | Place    | Note
-------+----------+-------------------------------------------
     0 | D:1      | Minion the Draconian Air Elementalist began the quest for the Orb.
     0 | D:1      | Reached XP level 1. HP: 14/14 MP: 3/3
   524 | D:1      | Reached XP level 2. HP: 20/20 MP: 0/5
  1064 | D:2      | Slain by an adder

Vault maps used:
D:1:      tarquinn_simple_flora_water_a, serial_bayou_pond_e
D:2:      minmay_diamond_boxcup, lemuel_doored_altar, minmay_tetromino_t2

Skill      XL: |  1 |
---------------+----+-----
Dodging        | 2 |  2.0
Stealth        | |  1.7
Spellcasting   | |  2.3
Conjurations   | |  1.4
Air Magic      | |  3.2

Action                   || total
-------------------------++-------
Melee: Unarmed           ||     7
 Cast: Shock             ||    34
  Eat: Chunk             ||     1
Armor: Skin              ||     1
Dodge: Dodged            ||     6

Table legend:
 A = Spawn XP
 B = Non-spawn XP
 C = Spawn XP percentage of total XP
 D = Spawn monster count
 E = Non-spawn monster count
 F = Spawn count percentage of total count
 G = Total turns spent on level
                    A         B        C        D         E        F      G
               +---------+---------+-------+---------+---------+-------+---------
         Total |       0 |      27 |   0.0 |       0 |      19 |   0.0 |  1064
               +---------+---------+-------+---------+---------+-------+---------
           D:1 |       0 |      23 |   0.0 |       0 |      16 |   0.0 |  1007
           D:2 |       0 |       4 |   0.0 |       0 |       3 |   0.0 |    57
               +---------+---------+-------+---------+---------+-------+---------
